 Dungeon Crawl Stone Soup version 0.28.0-43-g3370ac3207 (webtiles) character file.

Game seed: 10994151622394451829

2 smarlow the Sneak (level 1, 0/9 HPs)
             Began as a Spriggan Enchanter on Mar 8, 2022.
             Frozen to death by an endoplasm (4 damage)
             ... on level 1 of the Dungeon.
             The game lasted 00:00:21 (56 turns).

smarlow the Sneak (Spriggan Enchanter)                Turns: 56, Time: 00:00:22

Health: 0/9        AC:  2    Str:  4    XL:     1   Next: 25%
Magic:  5/5        EV: 17    Int: 16    God:
Gold:   5          SH:  0    Dex: 15    Spells: 5/5 levels left

rFire   . . .      SeeInvis +   a - +1 dagger
rCold   . . .      Faith    .   (no shield)
rNeg    . . .      Spirit   .   b - +0 robe
rPois   .          Reflect  .   (helmet restricted)
rElec   .          Harm     .   (no cloak)
rCorr   .          Rampage  .   (gloves unavailable)
Will    .....                   (boots unavailable)
Stlth   +++.......              (no amulet)
HPRegen 0.03/turn               (no ring)
MPRegen 0.09/turn               (no ring)

@: very quick
A: very small, no large weapons, unfitting armour, see invisible, speed 3
a: no special abilities


You were on level 1 of the Dungeon.
You visited 1 branch of the dungeon, and saw 1 of its levels.

You collected 5 gold pieces.

Inventory:

Hand Weapons
 a - a +1 dagger (weapon)
Armour
 b - a +0 robe (worn)
Scrolls
 d - a scroll of blinking {unknown}
Potions
 c - a potion of invisibility


   Skills:
 + Level 0.1 Fighting
 - Level 1.1 Short Blades
 - Level 2.6 Dodging
 * Level 4.6 Stealth
 - Level 2.6 Spellcasting
 - Level 3.6 Hexes


You had 5 spell levels left.
You didn't know any spells.
Your spell library contained the following spells:

 Spells                   Type           Power      Damage    Failure   Level
 Confusing Touch          Hex            13%        N/A       13%         3
 Tukima's Dance           Hex            13%        N/A       13%         3
 Ensorcelled Hibernation  Hex/Ice        14%        N/A       14%         2
 Dazzling Flash           Conj/Hex       14%        N/A       28%         3


Dungeon Overview and Level Annotations

Branches:
Dungeon (1/15)

Altars:


Innate Abilities, Weirdness & Mutations

You are very small and have problems with some larger weapons.
You are too small for most types of armour.
You have supernaturally acute eyesight. (SInv)
You cover ground extremely quickly. (Speed+++)


Message History

The goblin hits you with a +0 club.
You hit the goblin.
The goblin is severely wounded.
A rat comes into view.
The goblin completely misses you.
You hit the goblin.
You kill the goblin!
A rat comes into view.
An endoplasm comes into view.
The endoplasm moves out of view.
You see here a +0 club.
You hit the rat but do no damage. The rat misses you.
You hit the rat.
The rat is heavily wounded.
The rat barely misses you. The rat misses you.
The endoplasm quivers.
You hit the rat but do no damage.
The rat is heavily wounded.
The rat closely misses you. The rat barely misses you.
You barely miss the rat.
The rat is heavily wounded.
The rat misses you. x2
You hit the rat.
You kill the rat!
The rat bites you.
You closely miss the rat. The rat misses you.
You barely miss the rat. The rat completely misses you.
You hit the endoplasm.
The endoplasm is moderately wounded.
The endoplasm hits you but does no damage.
The rat barely misses you.
You hit the endoplasm.
The endoplasm is almost dead.
The endoplasm freezes you.
You are frozen.
You barely miss the endoplasm.
The endoplasm is almost dead.
The endoplasm freezes you.
You are frozen.
You die...

..#.......#^..# #... .
##..(..###..# ...
....#.......#...# ..
................# .##
....######....#.##########†.####
###. #####............)......
#........##........#......
.........###.......####...
#######..@Jr.......# ..
######.......# #........#
#........(. ########... .#


You could see an endoplasm and a rat.

Vanquished Creatures
  A goblin (D:1)
  A rat (D:1)
2 creatures vanquished.

Notes
Turn   | Place    | Note
-------+----------+-------------------------------------------
     0 | D:1      | smarlow the Spriggan Enchanter began the quest for the Orb.
     0 | D:1      | Reached XP level 1. HP: 9/9 MP: 5/5
    56 | D:1      | Frozen to death by an endoplasm

Illustrated notes

Levels and vault maps discovered:
D:1:      minmay_arrival_five_plusses, layout_rooms,
          ebering_ecumenical_altar_box

Action                   || total
-------------------------++-------
Melee: Dagger            ||    12
Armor: Robe              ||     1
Dodge: Dodged            ||    11
